 Dungeon Crawl Stone Soup version 0.30-a0-719-gcc4359ea44 (webtiles) character file.

Game seed: 12610252965231533581

951 drugrobin the Insei (level 7, 0/56 HPs)
             Began as a Demigod Delver on Jan 26, 2023.
             Slain by an ice beast (14 damage)
             ... on level 6 of the Dungeon.
             The game lasted 00:15:07 (5774 turns).

drugrobin the Insei (Demigod Delver)                Turns: 5774, Time: 00:15:08

Health: 0/56       AC:  4    Str: 17      XL:     7   Next: 59%
Magic:  7/9        EV: 12    Int: 12      God:
Gold:   250        SH:  0    Dex: 18 (19) Spells: 2/6 levels left

rFire   . . .      SeeInvis .      - Unarmed
rCold   . . .      Faith    .    (no shield)
rNeg    + . .      Spirit   .    a - +0 leather armour
rPois   .          Reflect  .    (no helmet)
rElec   .          Harm     .    (no cloak)
rCorr   .          Rampage  .    (no gloves)
Will    .....                    s - +0 pair of boots
Stlth   +++                      (no amulet)
HPRegen 0.29/turn                r - ring of positive energy
MPRegen 0.11/turn                (no ring)

@: very slightly contaminated
A: high MP 1, forlorn, divine attributes
a: no special abilities


You were on level 6 of the Dungeon.
You visited 1 branch of the dungeon, and saw 6 of its levels.

You collected 250 gold pieces.

Inventory:

Hand Weapons
 n - a +2 spear of flaming
Missiles
 k - 6 javelins
 m - a throwing net
 p - 2 boomerangs (quivered)
 z - 4 poisoned darts
Armour
 a - a +0 leather armour (worn)
 g - a +0 scale mail
 s - a +0 pair of boots (worn)
 v - a +0 scale mail
Jewellery
 r - a ring of positive energy (left hand)
Wands
 f - a wand of digging (3)
 i - a wand of mindburst (13)
 y - a wand of paralysis (5)
Scrolls
 b - 3 scrolls of fog
 c - 3 scrolls of teleportation {unknown}
 d - 6 scrolls of fear
 e - a scroll of immolation {unknown}
 q - a scroll of vulnerability {unknown}
 t - a scroll of silence {unknown}
 u - a scroll of enchant armour
Potions
 h - a potion of flight
 j - 2 potions of heal wounds
 l - 2 potions of curing
 o - a potion of lignification {unknown}
 w - a potion of cancellation
 x - 2 potions of attraction
 A - a potion of berserk rage {unknown}


   Skills:
 - Level 2.6 Fighting
 - Level 1.7 Dodging
 - Level 4.5 Stealth
 * Level 7.5 Unarmed Combat
 + Level 3.2 Ice Magic
 + Level 1.6 Evocations


You had 2 spell levels left.
You knew the following spells:

 Your Spells              Type           Power      Damage    Failure   Level
a - Summon Small Mammal   Summ           0%         N/A       38%         1
b - Hailstorm             Conj/Ice       3%         3d3       54%         3

Your spell library contained the following spells:

 Spells                   Type           Power      Damage    Failure   Level
 Call Canine Familiar     Summ           0%         N/A       77%         3
 Kindle Blastsparks       Fire/Tloc/Air  0%         2d10      77%         3
 Stone Arrow              Conj/Erth      0%         3d7       77%         3
 Summon Guardian Golem    Hex/Summ       0%         N/A       77%         3
 Ice Form                 Ice/Tmut       3%         N/A       91%         4
 Animate Armour           Summ/Erth      0%         N/A       99%         4
 Fulminant Prism          Conj/Hex       0%         3d5       99%         4
 Iskenderun's Mystic Bla  Conj/Tloc      0%         2d3       99%         4
 Freezing Cloud           Conj/Ice/Air   1%         6-21      100%        5
 Lee's Rapid Deconstruct  Erth           0%         3d4*      100%        5
 Simulacrum               Ice/Necr       1%         N/A       100%        6
 Lehudib's Crystal Spear  Conj/Erth      0%         10d2      100%        8
 Polar Vortex             Ice            3%         N/A       100%        9


Dungeon Overview and Level Annotations

Branches:
Dungeon (6/15)             Temple (0/1) D:5

Annotations:
D:3 exclusion: scorpion


Innate Abilities, Weirdness & Mutations

You have an increased reservoir of magic. (+10% MP)
You shall have no god before yourself.
Your divine heritage dramatically boosts your attributes as you level up.


Message History

Your rat closely misses the ice beast.
The ice beast barely misses you.
You hit the ice beast.
The ice beast is heavily wounded.
Your rat barely misses the ice beast.
You barely miss the ice beast.
The ice beast is heavily wounded.
The ice beast closely misses you.
Your rat barely misses the ice beast.
You closely miss the ice beast.
The ice beast is heavily wounded.
The ice beast hits you. The ice beast freezes you!
Your rat bites the ice beast but does no damage.
You hit the ice beast.
The ice beast is heavily wounded.
The ice beast hits you but does no damage.
Your rat bites the ice beast but does no damage.
You hit the ice beast.
The ice beast is severely wounded.
The ice beast closely misses you.
You hit the ice beast but do no damage.
The ice beast is severely wounded.
Your rat bites the ice beast but does no damage.
The ice beast hits your rat.
Your rat dies!
Your rat's corpse disappears in a puff of smoke!
You hit the ice beast but do no damage.
The ice beast is severely wounded.
You hit the ice beast but do no damage.
The ice beast is severely wounded.
The ice beast hits you. The ice beast freezes you!
You hit the ice beast.
The ice beast is severely wounded.
The ice beast hits you. The ice beast freezes you.
* * * LOW HITPOINT WARNING * * *
You barely miss the ice beast.
You punch the ice beast, but do no damage.
The ice beast is severely wounded.
The ice beast hits you.
* * * LOW HITPOINT WARNING * * *
The ice beast freezes you!
You die...

##.# #...≈~~~. ####.)#
#..~≈≈~~. #.....#
#.~P≈≈≈~. #.....#
#.~YP≈≈~~ #....)#
#..~P≈≈≈P #.....##
#...~≈≈≈~ #....).##
#...≈≈≈≈≈
#####.......####..P~≈≈≈~
#.........@Y.......~~≈≈≈
#.................~..≈≈≈
#..###..##.#.......~.≈~≈
#.. #.#+##.#..........P≈
# #.....##......#...≈~
#......#...........^~
#......_..+............~
#..##.....##........#...
#.. #......#.....##...


You could see an ice beast.

Vanquished Creatures
  An ice beast (D:6)
  A phantom (D:4)
  A necrophage (D:5)
  A scorpion (D:4)
  2 wights
  A quasit (D:6)
  3 orc priests
  2 hounds (D:5)
  2 jellies
  An orc wizard (D:4)
  2 iguanas
  3 gnolls (D:2)
  4 adders
  4 worms
  5 dart slugs
  9 orcs
  8 ball pythons
  6 bats
  6 endoplasms
  3 giant cockroaches
  7 goblins
  5 hobgoblins
  3 kobolds
  4 quokkas
  2 training dummies (D:5)
  3 frilled lizards (D:1)
  A goblin skeleton (D:6)
  2 hobgoblin zombies (D:6)
  2 kobold skeletons (D:6)
  2 kobold zombies (D:6)
  2 orc skeletons (D:6)
  6 rats
104 creatures vanquished.

Vanquished Creatures (collateral kills)
  A scorpion (D:5)
  A gnoll (D:2)
  An endoplasm (D:3)
3 creatures vanquished.

Vanquished Creatures (others)
  4 plants (D:6)
4 creatures vanquished.

Grand Total: 111 creatures vanquished

Notes
Turn   | Place    | Note
-------+----------+-------------------------------------------
     0 | D:5      | drugrobin the Demigod Delver began the quest for the Orb.
     0 | D:5      | Reached XP level 1. HP: 18/18 MP: 3/3
    29 | D:5      | Noticed a phantom
    34 | D:5      | Found a staircase to the Ecumenical Temple.
    34 | D:5      | Noticed an iguana
   228 | D:2      | Reached skill level 2 in Unarmed Combat
   388 | D:1      | Reached XP level 2. HP: 25/25 MP: 4/4
   457 | D:1      | Reached skill level 3 in Unarmed Combat
   541 | D:1      | Learned a level 1 spell: Summon Small Mammal
   616 | D:1      | Reached XP level 3. HP: 28/30 MP: 2/5
  1673 | D:2      | Reached skill level 4 in Unarmed Combat
  1769 | D:2      | Reached XP level 4. HP: 37/37 MP: 4/6
  3294 | D:4      | Killed a phantom
  3295 | D:4      | Reached skill level 5 in Unarmed Combat
  3295 | D:4      | Reached XP level 5. HP: 21/42 MP: 0/7
  3397 | D:4      | Learned a level 3 spell: Hailstorm
  3791 | D:4      | Reached skill level 1 in Ice Magic
  3791 | D:4      | Reached XP level 6. HP: 24/50 MP: 4/8
  3925 | D:4      | Reached skill level 6 in Unarmed Combat
  4727 | D:5      | Reached XP level 7. HP: 32/56 MP: 6/9
  5055 | D:5      | Reached skill level 7 in Unarmed Combat
  5410 | D:6      | Reached skill level 1 in Evocations
  5774 | D:6      | Slain by an ice beast

Illustrated notes

Levels and vault maps discovered:
D:1:      saegor_arrival_fortress, layout_basic, minmay_box_of_dots
D:2:      layout_loops_cross
D:3:      layout_loops_ring, shapermc_ecumenical_altar_mp_vishouse
D:4:      layout_rooms, gammafunk_temple_overflow_statue, feat_on_display
D:5:      dreamdust_elfheim, layout_gridville,
          minmay_temple_entry_statues_fountains
D:6:      layout_rooms, nicolae_tso_besieged_by_evil, chequers_big_river,
          uniq_crazy_yiuf_cottage

Skill      XL: |  1  2  3  4  5  6  7 |
---------------+----------------------+-----
Unarmed Combat | 2 3 4 5 6 7 |  7.5
Ice Magic      | 1 2 3 |  3.2
Evocations     | 1 |  1.6
Fighting       | |  2.6
Dodging        | |  1.7
Stealth        | |  4.5

Action                     |  1- 3 |  4- 6 |  7- 9 || total
---------------------------+-------+-------+-------++-------
  Melee: Unarmed           |   149 |   176 |    74 ||   399
         Punch             |     6 |    11 |     6 ||    23
         Spear             |       |     4 |       ||     4
  Throw: Boomerang         |       |    26 |    31 ||    57
         Javelin           |       |     4 |       ||     4
   Cast: Summon Small Mamm |     7 |    18 |     4 ||    29
         Hailstorm         |       |     2 |     2 ||     4
  Evoke: Wand              |       |       |     1 ||     1
    Use: Potion            |     1 |     1 |       ||     2
         Scroll            |     1 |       |     6 ||     7
   Stab: Sleeping          |    15 |    13 |       ||    28
         Distracted        |       |     1 |       ||     1
 Armour: Leather armour    |    27 |    20 |    15 ||    62
  Dodge: Dodged            |    86 |    72 |    31 ||   189

Table legend: (Time is in decaauts)
 A = Elapsed time spent in this place.
 B = Non-inter-level travel time spent in this place.
 C = Inter-level travel time spent in this place.
 D = Time resting spent in this place.
 E = Time spent auto-exploring this place.
 F = Levels seen in this place.
 G = Mean time per level.
                   A        B        C        D        E       F      G
               +--------+--------+--------+--------+--------+-----+--------+
         Total |   5744 |   5401 |    343 |    552 |   3157 |   6 |  957.3 |
       Dungeon |   5744 |   5401 |    343 |    552 |   3157 |   6 |  957.3 |
               +--------+--------+--------+--------+--------+-----+--------+

Top non-repeatable levels by time:
     D:1: 1244 daAuts
     D:5: 1161 daAuts
     D:4: 1044 daAuts
     D:3: 952 daAuts
     D:2: 928 daAuts
     D:6: 414 daAuts
